 Dungeon Crawl Stone Soup version 0.31.0-11-ge490571c62 (webtiles) character file.

Game seed: 7136508723058976298

131 ezpacito the Trooper (level 4, -1/37 HPs)
             Began as a Demonspawn Berserker on Jan 29, 2024.
             Was a Follower of Trog.
             Incinerated by a bombardier beetle (6 damage)
             ... with a burning spray
             ... on level 3 of the Dungeon.
             The game lasted 00:02:17 (2267 turns).

ezpacito the Trooper (Demonspawn Berserker)         Turns: 2267, Time: 00:02:18

Health: -1/37      AC:  8    Str: 17    XL:     4   Next: 91%
Magic:  4/4        EV: 12    Int:  7    God:    Trog [*.....]
Gold:   84         SH:  0    Dex: 15    Spells: 3/3 levels left

rFire   . . .        a - +0 hand axe
rCold   . . .        (no shield)
rNeg    + . .        k - +3 leather armour
rPois   +            (no helmet)
rElec   .            (no cloak)
rCorr   .            (no gloves)
SInv    .            (no boots)
Will    .....        s - amulet of the acrobat
Stlth   +            o - ring of poison resistance
HPRegen 0.26/turn    p - ring of positive energy
MPRegen 0.09/turn

%: acrobat
@: mighty, brilliant, on fire, glowing
A: thin metallic scales 1, demonic magic 1
a: Renounce Religion, Berserk


You were on level 3 of the Dungeon.
You worshipped Trog.
Trog was aware of your devotion.
You visited 1 branch of the dungeon, and saw 3 of its levels.

You collected 112 gold pieces.
You spent 28 gold pieces at shops.

Inventory:

Hand Weapons
 a - a +0 hand axe (weapon)
 l - a +1 dagger of pain
Missiles
 c - 29 stones (quivered)
Armour
 k - a +3 leather armour (worn)
 t - a +0 scale mail
Jewellery
 o - a ring of poison resistance (left hand)
 p - a ring of positive energy (right hand)
 s - an amulet of the acrobat (around neck)
Scrolls
 b - 2 scrolls of vulnerability {unknown}
 d - a scroll of enchant weapon {unknown}
 e - a scroll of poison {unknown}
 j - 2 scrolls of revelation {unknown}
 n - a scroll of fear {unknown}
 r - 2 scrolls of teleportation {unknown}
Potions
 f - 2 potions of enlightenment
 h - a potion of mutation


   Skills:
 * Level 3.8 Fighting
 * Level 3.5 Axes
 * Level 2.2 Armour
 * Level 2.4 Dodging
 * Level 1.1 Stealth
 * Level 0.9 Unarmed Combat


You had 3 spell levels left.
You didn't know any spells.
Your spell library contained the following spells:

 Spells                   Type           Power      Damage    Failure   Level
 Apportation              Tloc           0%         N/A       50%         1
 Necrotise                Necr           0%         1d4       50%         1
 Sting                    Conj/Alch      0%         1d3       50%         1
 Summon Small Mammal      Summ           0%         N/A       50%         1
 Animate Armour           Summ/Erth      0%         N/A       99%         4
 Summon Lightning Spire   Summ/Air       0%         N/A       99%         4
 Lee's Rapid Deconstruct  Erth           0%         3d4*      100%        5


Dungeon Overview and Level Annotations

Branches:
Dungeon (3/15)

Altars:
Fedhas

Shops:
D:2 ?


Innate Abilities, Weirdness & Mutations

You are partially covered in thin metallic scales. (AC +2)
Spells you cast may paralyse adjacent enemies.


Message History

You feel better. The liquid fire burns you!
The bombardier beetle sprays incendiary fluid at you.
The burning spray hits you.
You are even more covered in liquid fire!
You hit the bombardier beetle.
The bombardier beetle is heavily wounded.
The liquid fire burns you!
You barely miss the bombardier beetle.
The bombardier beetle is heavily wounded.
The liquid fire burns you!
The bombardier beetle bites you but does no damage.
You closely miss the bombardier beetle.
The bombardier beetle is heavily wounded.
The liquid fire burns you!
The bombardier beetle sprays incendiary fluid at you.
The burning spray hits you.
You are even more covered in liquid fire!
You feel better. The liquid fire burns you!
It was a potion of might.
You feel very mighty all of a sudden. The liquid fire burns you!
The bombardier beetle sprays incendiary fluid at you.
The burning spray hits you.
You are even more covered in liquid fire!
It was a potion of brilliance.
You feel clever all of a sudden. The liquid fire burns you!
* * * LOW HITPOINT WARNING * * *
You hit the bombardier beetle.
The bombardier beetle is almost dead.
The liquid fire burns you!
* * * LOW HITPOINT WARNING * * *
The bombardier beetle bites you but does no damage.
You hit the bombardier beetle.
You kill the bombardier beetle!
Trog accepts your kill. The liquid fire burns you!
You die...

...####.### #..
..........### #..
..####.#...##########..
+....................
####.#########...####
#.# ###..### #.# ##...#
#.# ###.# #@# #..
#............ ##.
#.......$.... ##
#............
#............
#............
#####.####### #.#


There were no monsters in sight!

Vanquished Creatures
  2 bombardier beetles (D:3)
  7 gnolls (D:3)
  A dart slug (D:1)
  An orc (D:3)
  2 endoplasms (D:2)
  5 goblins
  3 hobgoblins
  6 kobolds
  A quokka (D:3)
  A ball python (D:2)
  A bat (D:3)
  2 frilled lizards
  A rat (D:1)
33 creatures vanquished.

Notes
Turn   | Place    | Note
-------+----------+-------------------------------------------
     0 | D:1      | ezpacito the Demonspawn Berserker began the quest for the
                  | Orb.
     0 | D:1      | Reached XP level 1. HP: 18/18 MP: 1/1
   117 | D:1      | Found a faded altar of an unknown god.
   292 | D:1      | Gained mutation: Spells you cast may paralyse adjacent
                  | enemies. [demonic ancestry]
   292 | D:1      | Reached XP level 2. HP: 21/24 MP: 2/2
   600 | D:1      | You fall into a shaft and drop 1 floor!
   685 | D:2      | Found a blossoming altar of Fedhas.
   741 | D:2      | Found Loen's Magic Scroll Emporium.
   782 | D:2      | Bought a scroll of identify for 28 gold pieces
  1599 | D:3      | Reached XP level 3. HP: 24/29 MP: 3/3
  1840 | D:3      | Gained mutation: You are partially covered in thin metallic
                  | scales. (AC +2) [demonic ancestry]
  1840 | D:3      | Reached XP level 4. HP: 37/37 MP: 4/4
  1930 | D:3      | Reached skill level 1 in Stealth
  2267 | D:3      | Incinerated by a bombardier beetle

Illustrated notes

Levels and vault maps discovered:
D:1:      minmay_arrival_four_houses, layout_basic,
          chequers_ecumenical_altar_simple, st_stairs_14, chequers_jeans
D:2:      layout_loops_ring, basic_altar, serial_shops, shop_fountains
D:3:      layout_basic

Skill      XL: |  1  2  3  4 |
---------------+-------------+-----
Dodging        | 2 |  2.4
Axes           | 3 |  3.5
Armour         | 2 |  2.2
Stealth        | 1 |  1.1
Fighting       | |  3.8
Unarmed Combat | |  0.9

Action                     |  1- 3 |  4- 6 || total
---------------------------+-------+-------++-------
  Melee: Hand axe          |    73 |    28 ||   101
         Punch             |     2 |     2 ||     4
 Invoke: Berserk           |     2 |     1 ||     3
    Use: Scroll            |     4 |       ||     4
         Potion            |       |     5 ||     5
   Stab: Sleeping          |     1 |       ||     1
 Armour: Animal skin       |    13 |       ||    13
         Skin              |     7 |       ||     7
         Leather armour    |    11 |    13 ||    24
  Dodge: Dodged            |    41 |    11 ||    52
